 Dungeon Crawl Stone Soup version 0.29.1-12-g30fa7ad0bf (webtiles) character file.

Game seed: 7409261315795359679

4921 funkygono the Thaumaturge (level 10, -5/68 HPs)
             Began as a Demonspawn Fire Elementalist on Jan 1, 2023.
             Was a Believer of Kikubaaqudgha.
             Slain by an orc warlord
             ... wielding a +10 broad axe
              (20 damage)
             ... in a bailey.
             The game lasted 00:18:41 (9765 turns).

funkygono the Thaumaturge (DsFE)                    Turns: 9765, Time: 00:18:42

Health: -5/68      AC:  4    Str: 10    XL:     10   Next: 27%
Magic:  1/23       EV: 13    Int: 20    God:    Kikubaaqudgha [**....]
Gold:   469        SH:  0    Dex: 19    Spells: 14/27 levels left

rFire   + . .      SeeInvis .   d - +0 dagger (freeze)
rCold   x . .      Faith    .   (no shield)
rNeg    . . .      Spirit   .   a - +0 robe
rPois   .          Reflect  .   (no helmet)
rElec   .          Harm     .   (no cloak)
rCorr   .          Rampage  .   (no gloves)
Will    .....                   v - +1 pair of boots
Stlth   +++++.....              (no amulet)
HPRegen 0.21/turn               r - ring of fire
MPRegen 0.36/turn               A - ring of wizardry

@: mighty, hasted, invisible, very quick
A: claws 1, thin skeletal structure 3, ignite blood 2, magic regeneration
a: Renounce Religion, Unearth Wretches


You were in a bailey.
You worshipped Kikubaaqudgha.
Kikubaaqudgha was pleased with you.
You visited 2 branches of the dungeon, and saw 9 of its levels.
You also visited: Bailey.

You collected 469 gold pieces.

Inventory:

Hand Weapons
 d - a +0 dagger of freezing (weapon)
 l - a +0 mace
Missiles
 k - 2 throwing nets
Armour
 a - a +0 robe (worn)
 f - a +0 leather armour
 g - a +0 scale mail
 h - +0 acid dragon scales
 v - a +1 pair of boots (worn)
Magical Staves
 y - a staff of fire
Jewellery
 r - a ring of fire (left claw)
 A - a ring of wizardry (right claw)
 E - a +6 ring of strength
 F - a +6 ring of strength
 G - a ring of positive energy
Wands
 b - a wand of flame (17)
Scrolls
 e - a scroll of enchant armour
 o - 2 scrolls of teleportation
 q - 2 scrolls of immolation
 w - 2 scrolls of blinking
Potions
 i - a potion of mutation {unknown}
 j - a potion of lignification {unknown}
 m - a potion of heal wounds {unknown}
 n - 2 potions of curing
 p - 2 potions of brilliance
 s - 3 potions of degeneration {unknown}
 u - a potion of magic
 x - a potion of berserk rage {unknown}
 z - a potion of attraction {unknown}
 C - a potion of ambrosia {unknown}
 D - a potion of flight {unknown}


   Skills:
 + Level 2.3 Fighting
 + Level 1.9 Short Blades
 + Level 3.3 Dodging
 - Level 1.7 Stealth
 + Level 9.0 Spellcasting
 + Level 5.8 Conjurations
 + Level 2.5 Necromancy
 + Level 8.4 Fire Magic


You had 14 spell levels left.
You knew the following spells:

 Your Spells              Type           Power      Damage    Failure   Level
a - Foxfire               Conj/Fire      100%       2x1d9     1%          1
b - Scorch                Fire           100%       2d10      1%          2
c - Conjure Flame         Conj/Fire      54%        6-21      1%          3
d - Flame Wave            Conj/Fire      54%        2d13      1%          4
e - Necrotise             Necr           76%        1d7       1%          1
f - Sublimation of Blood  Necr           19%        N/A       1%          2

Your spell library contained the following spells:

 Spells                   Type           Power      Damage    Failure   Level
 Inner Flame              Hex/Fire       39%        N/A       1%          3
 Animate Dead             Necr           19%        N/A       11%         4
 Anguish                  Hex/Necr       7%         N/A       17%         4


Dungeon Overview and Level Annotations

Branches:
Dungeon (8/15)             Temple (1/1) D:7          Bailey (1/1)
   Lair: D:8-11

Altars:
Ashenzari
Cheibriados
Dithmenos
Fedhas
Gozag
Hepliaklqana
Kikubaaqudgha
Makhleb
Nemelex Xobeh
Okawaru
Qazlal
Ru
Sif Muna
Trog
Uskayaw
Vehumet
Wu Jian
Xom
Yredelemnul

Shops:
D:4 *   D:5 ?!:*   D:6 *

Annotations:
D:5 1 runed translucent door, Discosetron's ghost, novice DjAE


Innate Abilities, Weirdness & Mutations

You have sharp fingernails.
You have an unnaturally thin skeletal structure. (Dex +6, Stealth+++)
Your demonic aura often causes spilled blood to erupt in flames.
You regenerate magic rapidly.


Message History

The orc warlord is lightly wounded.
Casting: Foxfire (safe; 1% risk of failure)
Confirm with . or Enter, or press ? or * to list all spells.
You feel a surge of power!
Flames lash the orc warlord.
The orc warlord is lightly wounded.
The orc warlord's fire resistance burns away.
The foxfire hits the orc warlord but does no damage.
The orc warlord is lightly wounded.
The foxfire hits the orc warlord.
The orc warlord is burned terribly!
The orc warlord is lightly wounded.
Casting: Scorch (safe; 1% risk of failure)
Confirm with . or Enter, or press ? or * to list all spells.
You feel a surge of power!
You conjure some foxfire!
Casting: Foxfire (safe; 1% risk of failure)
Confirm with . or Enter, or press ? or * to list all spells.
You don't have enough magic to cast this spell.
Unknown command.
Casting: Foxfire (safe; 1% risk of failure)
Confirm with . or Enter, or press ? or * to list all spells.
You feel a surge of power!
You conjure some foxfire!
The foxfire hits the orc warlord.
The orc warlord is burned terribly!
The orc warlord is moderately wounded.
The foxfire hits the orc warlord.
The orc warlord is burned terribly!
The orc warlord is moderately wounded.
The orc warlord barely misses you.
The orc warlord barely misses your foxfire.
You hit the orc warlord. You freeze the orc warlord.
The orc warlord is moderately wounded.
The foxfire hits the orc warlord but does no damage.
The orc warlord is moderately wounded.
The foxfire hits the orc warlord.
The orc warlord is burned terribly!
The orc warlord is moderately wounded.
The orc warlord misses you.
You hit the orc warlord. You freeze the orc warlord.
The orc warlord is moderately wounded.
You puncture the orc warlord! You freeze the orc warlord.
The orc warlord is heavily wounded.
The orc warlord hits you with a +10 broad axe!!
You die...
Kikubaaqudgha rasps: "You have failed me!
Welcome... death!"

).........'....)..#
##.......##.......##
§#.......#.........#
.##.....##...).....##
..#######..)..⌠.....#
.## ##..)).....## .#
#.....)...# ##
##....)§§## #...).@.#
##...)o## ####'##
##...).## #.......#
... ##....)..## ..g
#.........#


#go ##.........## ###o###.....⌠.....# You could see an orc warlord (unable to
see you, combustible).

Vanquished Creatures
  Prince Ribbit (D:7)
  A steam dragon (D:6)
  Grum (D:8)
  An acid dragon (D:8)
  3 water moccasins
  11 orc warriors
  A sky beast (D:6)
  2 black bears
  2 ice beasts
  3 ogres
  3 wolves (D:8)
  3 centaurs
  4 phantoms
  A kobold brigand (D:7)
  A bullfrog (D:8)
  3 necrophages
  3 scorpions
  4 wights (D:7)
  3 hounds
  4 jellies
  4 orc priests
  A gnoll bouda (D:7)
  Terence (D:3)
  An iguana (D:4)
  4 orc wizards
  15 gnolls
  4 adders
  A white imp (D:5)
  2 worms
  2 dart slugs
  30 orcs
  5 ball pythons
  4 bats
  8 endoplasms
  2 giant cockroaches
  16 goblins
  14 hobgoblins
  9 jackals
  15 kobolds
  4 quokkas
  3 frilled lizards
  3 rats
  A spectral goblin (D:1)
204 creatures vanquished.

Vanquished Creatures (others)
  582 foxfires
582 creatures vanquished.

Grand Total: 786 creatures vanquished

Notes
Turn   | Place    | Note
-------+----------+-------------------------------------------
     0 | D:1      | funkygono the Demonspawn Fire Elementalist began the quest
                  | for the Orb.
     0 | D:1      | Reached XP level 1. HP: 13/13 MP: 3/3
   141 | D:1      | Found a faded altar of an unknown god.
   197 | D:1      | Gained mutation: Your demonic aura sometimes causes spilled
                  | blood to erupt in flames. [demonic ancestry]
   197 | D:1      | Reached XP level 2. HP: 19/19 MP: 0/5
   651 | D:1      | Gained mutation: Your demonic aura often causes spilled
                  | blood to erupt in flames. [demonic ancestry]
   651 | D:1      | Reached XP level 3. HP: 2/24 MP: 2/6
   654 | D:1      | Learned a level 2 spell: Scorch
   658 | D:1      | Learned a level 3 spell: Conjure Flame
  1627 | D:2      | Found a bloodstained altar of Trog.
  2246 | D:2      | Gained mutation: You have a somewhat thin skeletal
                  | structure. (Dex +2, Stealth+) [demonic ancestry]
  2246 | D:2      | Reached XP level 4. HP: 30/30 MP: 6/8
  2358 | D:2      | Reached skill level 3 in Spellcasting
  2774 | D:3      | Noticed Terence
  2793 | D:3      | HP: 1/30 [poisoned by an adder]
  3193 | D:3      | Killed Terence
  3751 | D:3      | Found a burning altar of Makhleb.
  3903 | D:4      | Found a broken altar of Ashenzari.
  3904 | D:4      | Found a shadowy altar of Dithmenos.
  3993 | D:4      | Found Igiuss's Assorted Antiques.
  4009 | D:4      | Noticed a phantom
  4019 | D:4      | Killed a phantom
  4020 | D:4      | Gained mutation: You have sharp fingernails. [demonic
                  | ancestry]
  4020 | D:4      | Reached XP level 5. HP: 36/36 MP: 2/10
  4154 | D:4      | Reached skill level 4 in Spellcasting
  4322 | D:4      | Noticed a phantom
  4328 | D:4      | Killed a phantom
  4329 | D:4      | Gained mutation: You have a moderately thin skeletal
                  | structure. (Dex +4, Stealth++) [demonic ancestry]
  4329 | D:4      | Reached XP level 6. HP: 42/42 MP: 3/12
  5049 | D:5      | Entered Level 5 of the Dungeon
  5059 | D:5      | Reached skill level 5 in Fire Magic
  5059 | D:5      | Reached XP level 7. HP: 47/47 MP: 8/14
  5140 | D:5      | Found Raamiq's Distillery.
  5213 | D:5      | Reached skill level 5 in Spellcasting
  5405 | D:5      | Found Jimod's Magic Scroll Emporium.
  5488 | D:5      | Found Toqofa's Book Emporium.
  5529 | D:5      | Noticed Discosetron's ghost (novice DjAE)
  5582 | D:5      | Reached skill level 1 in Fighting
  5737 | D:5      | Found a runed translucent door.
  5761 | D:5      | Reached skill level 6 in Spellcasting
  5761 | D:5      | Gained mutation: You have an unnaturally thin skeletal
                  | structure. (Dex +6, Stealth+++) [demonic ancestry]
  5761 | D:5      | Reached XP level 8. HP: 44/54 MP: 10/17
  6058 | D:5      | Found Neetewuop's General Store.
  6246 | D:5      | Learned a level 4 spell: Flame Wave
  6465 | D:6      | Found Kotis's General Store.
  6999 | D:6      | Reached skill level 7 in Spellcasting
  7200 | D:6      | Reached XP level 9. HP: 56/59 MP: 12/19
  7661 | D:7      | Reached skill level 5 in Conjurations
  7664 | D:7      | Reached skill level 8 in Spellcasting
  7834 | D:7      | Found a staircase to the Ecumenical Temple.
  7844 | Temple   | Entered the Ecumenical Temple
  7929 | Temple   | Became a worshipper of Kikubaaqudgha
  8448 | D:7      | Noticed Prince Ribbit
  8455 | D:7      | Killed Prince Ribbit
  8456 | D:7      | Reached skill level 1 in Short Blades
  8872 | D:8      | Noticed Grum
  8873 | D:8      | Reached * piety under Kikubaaqudgha
  8873 | D:8      | Received a gift from Kikubaaqudgha
  8881 | D:8      | Killed Grum
  8882 | D:8      | Gained mutation: You regenerate magic rapidly. [demonic
                  | ancestry]
  8882 | D:8      | Reached XP level 10. HP: 20/67 MP: 1/22
  8977 | D:8      | Found a flagged portal.
  9100 | Bailey   | Entered a bailey
  9109 | Bailey   | Learned a level 1 spell: Necrotise
  9112 | Bailey   | Learned a level 2 spell: Sublimation of Blood
  9601 | Bailey   | Reached skill level 1 in Necromancy
  9629 | Bailey   | Reached skill level 9 in Spellcasting
  9717 | Bailey   | Reached ** piety under Kikubaaqudgha
  9738 | Bailey   | Noticed an orc warlord
  9765 | Bailey   | Slain by an orc warlord

Illustrated notes

Levels and vault maps discovered:
D:1:      eino_arrival_cavern_c, layout_loops_corners,
          dreamdust_ecumenical_altar_drowned_temple
D:2:      layout_basic, basic_altar, kennysheep_generic_room_3
D:3:      layout_rooms, lemuel_coloured_pillars_altar, uniq_terence
D:4:      layout_loops_ring, gammafunk_temple_overflow_pools, serial_shops,
          shop, grunt_ministairs_13, minmay_misc_feat_enclosed,
          hangedman_decor_slide_cut
D:5:      layout_loops_ring, hellmonk_ghost_happy_afterlife, serial_shops,
          nicolae_shop_statue_plus, shop, kennysheep_mini, shop_fountains
D:6:      layout_gridville, serial_shops, shop, serial_bayou_pond_d
D:7:      layout_loops_ring, temple_hall, uniq_prince_ribbit1
D:8:      layout_basic, enter_bailey_6, uniq_grum
Temple:   regret_index_temple_chain_breaker
Bailey:   bailey_axe_minmay_hex_keep, bailey

Skill      XL: |  1  2  3  4  5  6  7  8  9 10 |
---------------+-------------------------------+-----
Fire Magic     | 3 4 5 7 8 |  8.4
Dodging        | 2 3 |  3.3
Spellcasting   | 3 4 6 7 8 9 |  9.0
Conjurations   | 2 3 4 5 |  5.8
Fighting       | 1 2 |  2.3
Short Blades   | 1 |  1.9
Necromancy     | 2 |  2.5
Stealth        | |  1.7

Action                   |  1- 3 |  4- 6 |  7- 9 | 10-12 || total
-------------------------+-------+-------+-------+-------++-------
Melee: Dagger            |       |     4 |    42 |    10 ||    56
       Punch             |       |       |     1 |       ||     1
 Cast: Foxfire           |    74 |    86 |   126 |    66 ||   352
       Scorch            |     8 |    21 |    38 |     9 ||    76
       Flame Wave        |       |       |     5 |     3 ||     8
       Necrotise         |       |       |       |    23 ||    23
  Use: Potion            |       |     1 |       |     5 ||     6
       Scroll            |       |       |    16 |     1 ||    17
Armor: Robe              |     7 |     3 |    14 |       ||    24
Dodge: Dodged            |    25 |    28 |    46 |    16 ||   115
